 Dungeon Crawl Stone Soup version 0.30-a0-852-g08b95dd62f (webtiles) character file.

Game seed: 11890522577936043294

68 Firecrotchwizard the Chopper (level 4, 0/40 HPs)
             Began as a Hill Orc Monk on Mar 5, 2023.
             Was a Believer of Beogh.
             Slain by an orc
             ... wielding a +0 flail
              (5 damage)
             ... on level 3 of the Dungeon.
             The game lasted 00:02:37 (1269 turns).

Firecrotchwizard the Chopper (Hill Orc Monk)        Turns: 1269, Time: 00:02:38

Health: 0/40       AC:  5    Str: 15    XL:     4   Next: 19%
Magic:  1/4        EV: 11    Int: 10    God:    Beogh [**....]
Gold:   130        SH:  0    Dex: 13    Spells: 3/3 levels left

rFire   . . .      SeeInvis .    h - +0 whip (elec)
rCold   . . .      Faith    .    (no shield)
rNeg    . . .      Spirit   .    i - +0 ring mail
rPois   .          Reflect  .    (no helmet)
rElec   .          Rampage  .    (no cloak)
rCorr   .                        (no gloves)
Will    .....                    (no boots)
Stlth   +                        (no amulet)
HPRegen 0.26/turn                (no ring)
MPRegen 0.09/turn                (no ring)

@: no status effects
A: no striking features
a: Renounce Religion, Smiting


You were on level 3 of the Dungeon.
You worshipped Beogh.
Beogh was pleased with you.
You visited 1 branch of the dungeon, and saw 3 of its levels.

You collected 130 gold pieces.

Inventory:

Hand Weapons
 a - a +0 hand axe
 h - a +0 whip of electrocution (weapon)
   (You took it off a kobold on level 3 of the Dungeon)
Missiles
 s - 10 stones (quivered)
Armour
 b - a +0 robe
 i - a +0 ring mail (worn)
   (You found it on level 3 of the Dungeon)
Jewellery
 C - a ring of protection from cold {rC+, !d}
   (You found it on level 1 of the Dungeon)
 X - a ring of resist corrosion
   (You found it on level 3 of the Dungeon)
Scrolls
 j - a scroll of noise {unknown}
 k - a scroll of enchant armour {unknown}
Potions
 c - 3 potions of curing {unknown}
 d - 2 potions of lignification {unknown}
 e - a potion of invisibility {unknown}
 f - a potion of attraction {unknown}
 g - a potion of degeneration {unknown}
 G - a potion of ambrosia {!q}


   Skills:
 + Level 4.3 Fighting
 + Level 5.4 Axes
 + Level 1.7 Armour
 - Level 2.4 Dodging
 - Level 1.5 Stealth
 + Level 0.1 Invocations


You had 3 spell levels left.
You didn't know any spells.
Your spell library contained the following spells:

 Spells                   Type           Power      Damage    Failure   Level
 Ozocubu's Armour         Ice            0%         N/A       91%         3
 Metabolic Englaciation   Hex/Ice        0%         N/A       100%        5
 Simulacrum               Ice/Necr       0%         N/A       100%        6


Dungeon Overview and Level Annotations

Branches:
Dungeon (3/15)

Altars:
Cheibriados


Message History

You closely miss the adder. The adder closely misses you.
The hobgoblin closely misses you.
You hit the adder but do no damage. Lightning courses through the adder!!
You kill the adder!
Beogh accepts your kill.
The hobgoblin hits you but does no damage.
You have reached level 4!
You regained 5 hp, and now have 25/40 hp.
MP restored: 4 You hit the hobgoblin but do no damage.
The hobgoblin hits you.
You take 2 damage, and have 23/40 hp.
You hit the hobgoblin.
You kill the hobgoblin!
Beogh accepts your kill.
Found a stone staircase leading up.
Health restored: 40
k - a scroll labelled NITEANO CIOLAMM A quokka comes into view.
The helpless quokka fails to defend itself.
You hit the quokka. The quokka bites you. x2
You take 3 damage, and have 37/40 hp.
You hit the quokka.
The quokka bites you but does no damage.
You hit the quokka.
You kill the quokka!
Beogh accepts your kill.
You see here a quokka corpse.
c - 3 amethyst potions (gained 1)
You see here a quokka corpse.
You now have 130 gold pieces (gained 9).
An orc wizard and 2 orcs come into view.
Health restored: 40 The orc shouts!
You hear a shout! x2
An orc comes into view. It is wielding a +0 short sword.
The orc wizard completely misses you.
You closely miss the orc wizard.
The orc wizard hits you with a +0 dagger.
An orc comes into view. It is wielding a +0 club.
You take 2 damage, and have 38/40 hp.
You barely miss the orc wizard.
The orc shouts!
The orc wizard casts a spell at you. You resist with some effort.
The orc barely misses you.
You barely miss the orc wizard.
The orc wizard hits you but does no damage.
You barely miss the orc wizard.
The orc wizard hits you with a +0 dagger.
The orc hits you but does no damage.
You take 2 damage, and have 36/40 hp.
You hit the orc wizard but do no damage.
The orc hits you with a +0 short sword.
The orc wizard points at you and mumbles some strange words.
The magic dart hits you. The orc closely misses you.
You take 6 damage, and have 30/40 hp.
You barely miss the orc wizard. The orc hits you with a +0 short sword.
The orc wizard casts a spell at you. The magic dart hits you.
The orc barely misses you.
You take 3 damage, and have 27/40 hp.
You hit the orc wizard. The orc closely misses you.
The orc wizard hits you with a +0 dagger.
The orc hits you but does no damage.
A hobgoblin comes into view.
You take 2 damage, and have 25/40 hp.
You hit the orc wizard. The orc completely misses you.
The orc wizard points at you and mumbles some strange words.
The puff of flame hits you but does no damage.
The orc closely misses you.
You hit the orc wizard but do no damage.
The orc closely misses you.
The orc wizard hits you with a +0 dagger.
The orc hits you with a +0 flail.
You take 2 damage, and have 23/40 hp.
You hit the orc wizard but do no damage.
The orc misses you.
The orc wizard points at you and mumbles some strange words.
The puff of flame hits you! The orc misses you.
You take 10 damage, and have 13/40 hp.
MASSIVE DAMAGE!!
Smite: an orc wizard, wielding a +0 dagger and wearing a +0 robe (moderately wounded)
You fail to use your ability.
The orc hits you with a +0 short sword.
* * * LOW HITPOINT WARNING * * *
The orc wizard completely misses you. The orc closely misses you.
You take 2 damage, and have 11/40 hp.
Smite: an orc wizard, wielding a +0 dagger and wearing a +0 robe (moderately wounded)
You smite the orc wizard!
The orc completely misses you. The orc wizard misses you.
The orc hits you with a +0 flail!
* * * LOW HITPOINT WARNING * * *
You take 7 damage, and have 4/40 hp.
You now have 1/4 mp.
You don't have enough magic at the moment.
You don't have enough magic at the moment.
The orc hits you with a +0 flail.
* * * LOW HITPOINT WARNING * * *
The orc attacks as you move away! The orc barely misses you.
You hit the orc. Lightning courses through the orc!!
You kill the orc!
Beogh accepts your kill.
You hit the orc. The orc hits you with a +0 flail.
You die...
Beogh appreciates the orc's killing of a heretic priest.

#.##########...##
#.### ##.....##
#.#.## ##.......##
###....####.........#
#.........+.........+
#.#.....###.........#
#.#.#.#.# ##..<....##
#.#.###.# ##.....##
#.#.@oo.# ##...##
#.####.o# ##+## #.#
#.o# #.# #.o# #..
.g.# ### ##.## #..
###


You could see an orc wizard and 3 orcs.

Vanquished Creatures
  Natasha (D:3)
  An adder (D:3)
  A dart slug (D:1)
  An orc (D:3)
  A ball python (D:2)
  3 endoplasms
  2 giant cockroaches (D:3)
  5 goblins
  5 hobgoblins
  2 quokkas
  A bat (D:1)
  2 frilled lizards
  2 kobolds (D:3)
  2 rats (D:3)
29 creatures vanquished.

Vanquished Creatures (others)
  Natasha (D:3)
  2 orcs (D:3)
3 creatures vanquished.

Grand Total: 32 creatures vanquished

Notes
Turn   | Place    | Note
-------+----------+-------------------------------------------
     0 | D:1      | Firecrotchwizard the Hill Orc Monk began the quest for the
                  | Orb.
     0 | D:1      | Reached XP level 1. HP: 19/19 MP: 1/1
    81 | D:1      | Reached XP level 2. HP: 21/27 MP: 2/2
   330 | D:2      | Reached skill level 1 in Armour
   458 | D:3      | Reached skill level 4 in Fighting
   530 | D:3      | Found a snail-covered altar of Cheibriados.
   629 | D:3      | Reached XP level 3. HP: 31/33 MP: 3/3
   749 | D:3      | Became a worshipper of Beogh the Brigand
   749 | D:3      | Reached * piety under Beogh
   749 | D:3      | Reached ** piety under Beogh
   815 | D:3      | Noticed Natasha
   822 | D:3      | HP: 8/33 [giant cockroach (1)]
   825 | D:3      | Killed Natasha
   826 | D:3      | Reached skill level 5 in Axes
   836 | D:3      | Killed Natasha
  1112 | D:3      | Reached XP level 4. HP: 25/40 MP: 4/4
  1264 | D:3      | HP: 4/40 [orc/+0 flail (7)]
  1269 | D:3      | Slain by an orc

Illustrated notes

Levels and vault maps discovered:
D:1:      doesnt_arrival_eight_statues, layout_loops_ring, serial_shops,
          nicolae_shop_stone, kennysheep_nondescript, nrook_mini_backslash,
          serial_bayou_pond_e, supply_closet_lemuel
D:2:      layout_rooms, chequers_ecumenical_altar_simple_redux, basic_altar
D:3:      layout_loops_corners, mainiacjoe_overflow_six_doors_small,
          uniq_natasha

Skill      XL: |  1  2  3 |
---------------+----------+-----
Armour         | 1 |  1.7
Fighting       | 4 |  4.3
Axes           | 5 |  5.4
Dodging        | |  2.4
Stealth        | |  1.5
Invocations    | |  0.1

Action                     |  1- 3 |  4- 6 || total
---------------------------+-------+-------++-------
  Melee: Hand axe          |    41 |       ||    41
         Punch             |     1 |       ||     1
         Whip              |    48 |    17 ||    65
 Invoke: Convert to Beogh  |     1 |       ||     1
         Smiting           |       |     1 ||     1
   Stab: Sleeping          |     1 |     1 ||     2
 Armour: Robe              |     2 |       ||     2
         Ring mail         |    15 |     5 ||    20
  Dodge: Dodged            |    58 |    15 ||    73

Table legend: (Time is in decaauts)
 A = Elapsed time spent in this place.
 B = Non-inter-level travel time spent in this place.
 C = Inter-level travel time spent in this place.
 D = Time resting spent in this place.
 E = Time spent auto-exploring this place.
 F = Levels seen in this place.
 G = Mean time per level.
                   A        B        C        D        E       F      G
               +--------+--------+--------+--------+--------+-----+--------+
         Total |   1271 |   1271 |      0 |    103 |    864 |   3 |  423.7 |
       Dungeon |   1271 |   1271 |      0 |    103 |    864 |   3 |  423.7 |
               +--------+--------+--------+--------+--------+-----+--------+

Top non-repeatable levels by time:
     D:3: 910 daAuts
     D:1: 253 daAuts
     D:2: 106 daAuts

Table legend:
 A = Kills in this place as a percentage of kills in the entire game.
 B = Kills by you in this place as a percentage of kills by you in the entire game.
 C = Kills by friends in this place as a percentage of kills by friends in the entire game.
 D = Other kills in this place as a percentage of other kills in the entire game.
 E = Experience gained in this place as a percentage of experience gained in the entire game.
 F = Experience gained in this place divided by the number of levels of this place that you have seen.
                   A       B       C       D       E      F
               +-------+-------+-------+-------+-------+----------------------
         Total | 100.0 | 100.0 |   N/A |   N/A | 100.0 |  32.7
       Dungeon | 100.0 | 100.0 |   N/A |   N/A | 100.0 |  32.7
               +-------+-------+-------+-------+-------+----------------------
